 Dungeon Crawl Stone Soup version 0.22-a0-443-g17c3723 (webtiles) character file.

25227 KristoblXynda the Carver (level 12, -5/85 HPs)
             Began as a Black Draconian Gladiator on May 31, 2018.
             Was the Champion of Cheibriados.
             Slain by a wolf spider simulacrum (23 damage)
             ... in an ice cave.
             The game lasted 00:34:44 (12041 turns).

KristoblXynda the Carver (DrGl)                    Turns: 12041, Time: 00:34:45

Health: -5/85      AC: 12    Str: 32    XL:     12   Next: 87%
Magic:  22/22      EV: 28    Int: 31    God:    Cheibriados [******]
Gold:   1056       SH:  7    Dex: 28    Spells: 21/24 levels left

rFire    . . .     SeeInvis .   y - +7 dagger "Cicaiwn" {vamp, Int+3}
rCold    . . .     Gourm    .   F - +0 buckler
rNeg     . . .     Faith    .   (armour unavailable)
rPois    +         Spirit   .   b - +1 hat
rElec    +         Reflect  .   D - +0 cloak
rCorr    .         Harm     .   A - +0 pair of gloves
MR       .....                  q - +0 pair of boots
Stlth    ++++......             M - amulet of regeneration
HPRegen  0.64/turn              j - +5 ring of evasion
MPRegen  0.18/turn              B - ring of poison resistance

@: slowed, very slow
A: breathe lightning, unfitting armour, electricity resistance, cold-blooded, AC
+8
a: Breathe Lightning, Bend Time, Temporal Distortion, Slouch, Step From Time,
Renounce Religion


You were in an ice cave.
You worshipped Cheibriados.
Cheibriados was exalted by your worship.
You were not hungry.

You visited 3 branches of the dungeon, and saw 16 of its levels.
You also visited: Ice Cave.

You collected 1056 gold pieces.

Inventory:

Hand Weapons
 y - the +7 dagger "Cicaiwn" (weapon) {vamp, Int+3}
   (You found it on level 4 of the Dungeon)

   It inflicts no extra harm, but heals its wielder when it wounds a living foe.
   It affects your intelligence (+3).
Missiles
 c - 5 throwing nets (quivered)
Armour
 b - a +1 hat (worn)
 q - a +0 pair of boots (worn)
 A - a +0 pair of gloves (worn)
 D - a +0 cloak (worn)
 F - a +0 buckler (worn)
Jewellery
 g - an uncursed ring of positive energy
 j - a +5 ring of evasion (left hand)
 B - a ring of poison resistance (right hand)
 M - an amulet of regeneration (around neck)
Wands
 o - a wand of digging (10)
 C - a wand of disintegration (29)
 H - a wand of acid (9)
 K - a wand of paralysis (6)
 O - a wand of polymorph (9)
Scrolls
 f - a scroll of immolation
 m - 3 scrolls of blinking
 x - 3 scrolls of amnesia
 E - a scroll of enchant armour
 J - 2 scrolls of remove curse
 R - 2 scrolls of enchant weapon
Potions
 e - 3 potions of heal wounds
 h - 4 potions of brilliance
 i - 3 potions of curing
 k - a potion of mutation {unknown}
 l - a potion of ambrosia {unknown}
 n - a potion of might
 p - a potion of resistance
 r - 2 potions of flight
 s - a potion of invisibility
 t - a potion of magic
 u - a potion of lignification
 v - a potion of agility
 w - 3 potions of haste
 Q - a potion of berserk rage {unknown}
Miscellaneous
 a - a sack of spiders
Comestibles
 d - 23 rations


   Skills:
 - Level 2.2 Fighting
   Level 10.3 Long Blades
 - Level 2.0 Throwing
 - Level 10.0 Dodging
 + Level 5.0 Stealth
 - Level 5.2 Shields
 + Level 6.8 Spellcasting
 + Level 10.1 Invocations
 + Level 9.2 Evocations


You had 21 spell levels left.
You knew the following spells:

 Your Spells              Type           Power        Failure   Level  Hunger
a - Dazzling Spray        Conj/Hex       ##....       14%         3    None

Your spell library contained the following spells:

 Spells                   Type           Power        Failure   Level  Hunger
 Apportation              Tloc           ##....       4%          1    None
 Confuse                  Hex            ##......     14%         3    None
 Invisibility             Hex            ##......     100%        6    ######.
 Animate Dead             Necr           N/A          41%         4    ##.....
 Pain                     Necr           ##..         4%          1    None
 Animate Skeleton         Necr           N/A          4%          1    None
 Vampiric Draining        Necr           ##........   14%         3    None
 Regeneration             Chrm/Necr      ##........   14%         3    None
 Tukima's Dance           Hex            ##......     14%         3    None
 Stone Arrow              Conj/Erth      ##....       14%         3    None
 Passwall                 Tmut/Erth      ##......     7%          2    None
 Ensorcelled Hibernation  Hex/Ice        ##....       7%          2    None
 Summon Butterflies       Summ           ##......     4%          1    None
 Corona                   Hex            ##.....      4%          1    None
 Alistair's Intoxication  Tmut/Pois      ##......     77%         5    ####...
 Lee's Rapid Deconstruct  Erth           ##........   77%         5    ####...
 Sandblast                Erth           ##....       4%          1    None
 Petrify                  Tmut/Erth      ##......     41%         4    ##.....
 Lesser Beckoning         Tloc           ##........   14%         3    None


Dungeon Overview and Level Annotations

Branches:
Dungeon (12/15)            Temple (1/1) D:6            Lair (3/6) D:10
  Swamp (0/4) Lair:3       Spider (0/4) Lair:2          Orc (0/2) D:10

Altars:
Ashenzari
Cheibriados
Dithmenos
Elyvilon
Fedhas
Gozag
Hepliaklqana
Kikubaaqudgha
Makhleb
Nemelex Xobeh
Okawaru
Qazlal
Ru
Sif Muna
Trog
Uskayaw
Vehumet
Wu Jian
Xom
Yredelemnul
Zin
The Shining One

Shops:
D:5 (

Portals:
Trove: D:10 (give +4 fire dragon scales)

Annotations:
D:12 Frances


Innate Abilities, Weirdness & Mutations

You can breathe wild blasts of lightning.
Your glossy black scales are hard. (AC +8)
You cannot fit into any form of body armour.
You are resistant to electric shocks. (rElec)
You are cold-blooded and may be slowed by cold attacks.


Message History

The alligator simulacrum completely misses you.
You puncture the alligator simulacrum!
The alligator simulacrum is almost destroyed.
Unknown command.
You hit the alligator simulacrum but do no damage.
The alligator simulacrum is almost destroyed.
The alligator simulacrum bites you. The alligator simulacrum freezes you!!
You feel yourself slow down.
The alligator simulacrum closely misses you.
The swamp dragon simulacrum barely misses you.
The swamp dragon simulacrum completely misses you.
The swamp dragon simulacrum tramples you but does no damage.
You puncture the alligator simulacrum!
The alligator simulacrum vapourises!
Cheibriados appreciates the change of pace.
The wolf spider simulacrum hits you!
* * * LOW HITPOINT WARNING * * *
The wolf spider simulacrum freezes you!!
You feel as though you will be slow longer.
You die...

#### ##..## .
###....##
...##.......#
#.....Z.∩.∩.#
#....Z@....#
##..##....##
## ##..##
####


You could see a swamp dragon simulacrum and a wolf spider simulacrum.

Vanquished Creatures
  A hydra (Lair:2)
  A catoblepas (Lair:2)
  5 two-headed ogres
  2 oklob plants (Lair:1)
  A manticore (D:11)
  A black mamba (Lair:3)
  9 spiny frogs
  4 komodo dragons
  A rime drake (Lair:1)
  A queen bee (Lair:1)
  A polar bear (Lair:2)
  3 blink frogs (Lair:1)
  3 hippogriffs
  3 wyverns
  15 yaks
  A vampire (D:11)
  A human (D:7)
  A steam dragon (D:10)
  4 hogs (D:7)
  2 hungry ghosts (D:9)
  6 water moccasins
  6 porcupines
  A swamp drake (D:10)
  An eye of draining (D:10)
  2 phantoms
  An alligator simulacrum (IceCv)
  4 ice beasts
  A sky beast (D:10)
  9 orc warriors
  5 ogres
  13 wolves
  9 centaurs
  8 crocodiles
  3 big kobolds
  10 bullfrogs
  A wyvern zombie (D:10)
  2 gnoll sergeants (D:7)
  7 scorpions
  A water moccasin skeleton (D:10)
  29 killer bees
  2 electric eels (Lair:1)
  3 crimson imps (D:10)
  4 howler monkeys
  Crazy Yiuf (D:7)
  2 hounds (D:9)
  2 jellies
  2 quasits
  A bullfrog skeleton (D:8)
  8 orc priests
  2 orc wizards
  Terence (D:3)
  Natasha (twice) (D:2)
  3 iguanas
  8 worker ants
  A killer bee zombie (D:5)
  A wolf simulacrum (IceCv)
  Robin (D:3)
  2 worker ant zombies
  12 adders
  18 gnolls
  3 shadow imps
  An ooze (D:3)
  An adder zombie (D:8)
  An adder skeleton (D:4)
  2 worms
  A dart slug (D:2)
  7 leopard geckos
  38 orcs
  9 giant cockroaches
  11 goblins
  11 hobgoblins
  4 jackals
  17 kobolds
  2 quokkas
  3 ball pythons
  2 bats (D:1)
  4 frilled lizards
  A leopard gecko skeleton (D:4)
  9 rats
  A plant (Lair:1)
  A toadstool (D:1)
384 creatures vanquished.

Vanquished Creatures (others)
  2 fungi (Lair:1)
  A plant (Lair:1)
  3 toadstools (D:1)
6 creatures vanquished.

Grand Total: 390 creatures vanquished

Notes
Turn   | Place    | Note
-------+----------+-------------------------------------------
     0 | D:1      | KristoblXynda the Draconian Gladiator began the quest for the Orb.
     0 | D:1      | Reached XP level 1. HP: 17/17 MP: 1/1
   296 | D:1      | Reached XP level 2. HP: 24/24 MP: 2/2
   898 | D:2      | Found an iron altar of Okawaru.
   913 | D:2      | Reached XP level 3. HP: 29/29 MP: 3/3
  1264 | D:2      | Noticed Natasha
  1271 | D:2      | Reached XP level 4. HP: 18/36 MP: 4/4
  1274 | D:2      | Killed Natasha
  1526 | D:2      | Noticed Natasha
  1532 | D:2      | Killed Natasha
  1587 | D:3      | Reached XP level 5. HP: 41/41 MP: 5/5
  1762 | D:3      | Noticed Robin
  1772 | D:3      | Reached skill level 5 in Long Blades
  1789 | D:3      | Killed Robin
  1884 | D:3      | Noticed Terence
  1895 | D:3      | Killed Terence
  2298 | D:4      | Reached XP level 6. HP: 44/48 MP: 6/6
  2394 | D:4      | Got a bloodstained dagger
  2401 | D:4      | Got a bloodstained short sword
  2402 | D:4      | Identified the cursed +1 short sword of Misery {drain, rPois rC+} (You found it on level 4 of the Dungeon)
  2403 | D:4      | Identified the +7 dagger "Cicaiwn" {vamp, Int+3} (You found it on level 4 of the Dungeon)
  2633 | D:4      | Found a hide-covered altar of Uskayaw.
  2933 | D:5      | Entered Level 5 of the Dungeon
  3098 | D:5      | Found Ciriss's Antique Weapon Emporium.
  3172 | D:5      | Your scales start taking on a glossy black colour.
  3172 | D:5      | Reached XP level 7. HP: 27/55 MP: 7/7
  3172 | D:5      | Gained mutation: You are resistant to electric shocks. (rElec) [Black Draconian growth]
  3438 | D:5      | Found a hazy altar of Hepliaklqana.
  3516 | D:5      | Reached skill level 5 in Dodging
  3763 | D:6      | Found a staircase to the Ecumenical Temple.
  3778 | Temple   | Entered the Ecumenical Temple
  3890 | Temple   | Became a worshipper of Cheibriados the Contemplative
  4036 | D:6      | Reached XP level 8. HP: 58/61 MP: 8/8
  4283 | D:6      | Found a glowing golden altar of the Shining One.
  4524 | D:7      | Reached * piety under Cheibriados
  4779 | D:7      | Reached skill level 10 in Long Blades
  4779 | D:7      | Reached XP level 9. HP: 56/67 MP: 9/9
  5185 | D:7      | Found a runed door.
  5340 | D:7      | Reached skill level 1 in Invocations
  5448 | D:7      | Noticed Crazy Yiuf
  5457 | D:7      | Killed Crazy Yiuf
  5457 | D:7      | Reached skill level 1 in Shields
  5457 | D:7      | Reached skill level 1 in Evocations
  5533 | D:8      | Found a white marble altar of Elyvilon.
  5550 | D:8      | Noticed a two-headed ogre
  5558 | D:8      | Killed a two-headed ogre
  5559 | D:8      | Reached ** piety under Cheibriados
  6270 | D:8      | Reached *** piety under Cheibriados
  6349 | D:8      | Found a deep blue altar of Sif Muna.
  6448 | D:9      | Reached XP level 10. HP: 53/73 MP: 12/12
  6575 | D:9      | Learned a level 3 spell: Dazzling Spray
  6704 | D:9      | Reached skill level 5 in Invocations
  6808 | D:9      | Noticed a two-headed ogre
  6816 | D:9      | Killed a two-headed ogre
  6816 | D:9      | Reached skill level 5 in Shields
  6844 | D:9      | Reached skill level 5 in Evocations
  6876 | D:9      | Found an ancient bone altar of Kikubaaqudgha.
  6884 | D:9      | Found a sparkling altar of Nemelex Xobeh.
  6885 | D:9      | Found a shattered altar of Ashenzari.
  6889 | D:9      | Found a radiant altar of Vehumet.
  7163 | D:9      | Found an ornate altar of the Wu Jian Council.
  7470 | D:10     | Entered Level 10 of the Dungeon
  7593 | D:10     | Reached skill level 1 in Spellcasting
  7728 | D:10     | Reached **** piety under Cheibriados
  7824 | D:10     | Found a staircase to the Lair.
  7844 | D:10     | Reached XP level 11. HP: 49/79 MP: 15/15
  8210 | D:10     | Noticed a two-headed ogre
  8221 | D:10     | Killed a two-headed ogre
  8512 | D:10     | Reached ***** piety under Cheibriados
  8549 | D:10     | Found a staircase to the Orcish Mines.
  8645 | D:10     | Found a portal to a secret trove of treasure.
  8785 | D:11     | Noticed a two-headed ogre
  8799 | D:11     | Killed a two-headed ogre
  9412 | D:11     | Noticed a two-headed ogre
  9424 | D:11     | Killed a two-headed ogre
  9585 | D:12     | Noticed Frances
  9668 | Lair:1   | Entered Level 1 of the Lair of Beasts
  9975 | Lair:1   | Reached skill level 10 in Dodging
 10039 | Lair:1   | Reached ****** piety under Cheibriados
 10043 | Lair:1   | Reached skill level 1 in Stealth
 10043 | Lair:1   | Reached XP level 12. HP: 85/85 MP: 19/19
 10063 | Lair:1   | Reached skill level 5 in Spellcasting
 11078 | Lair:2   | Found a hole to the Spider Nest.
 11460 | Lair:2   | Noticed a four-headed hydra
 11513 | Lair:2   | Noticed a catoblepas
 11538 | Lair:2   | Killed a catoblepas
 11542 | Lair:2   | Killed a four-headed hydra
 11840 | Lair:3   | Reached skill level 10 in Invocations
 11896 | Lair:3   | Found a staircase to the Swamp.
 11951 | Lair:3   | Reached skill level 5 in Stealth
 12020 | Lair:3   | Found a frozen archway.
 12029 | IceCv    | Entered an ice cave
 12041 | IceCv    | Slain by a wolf spider simulacrum

Vault maps used:
D:1:      ldierk_water_garden, minivault_25, interstate_on_off
D:2:      okawaru_altar_gauntlet_db, uniq_natasha
D:3:      st_stairs_10, uniq_terence, uniq_robin
D:4:      lemuel_coloured_pillars_altar, minmay_door_square
D:5:      lemuel_doored_altar, serial_shops, shop, first_ration,
          lemuel_old_faithful
D:6:      nicolae_overflow_hidden_temple, temple_fountains, glass_columns_a,
          minmay_misc_feat_secret_circle
D:7:      kennysheep_kobold_camp, grunt_livestock, uniq_crazy_yiuf_cottage
D:8:      elyvilon_altar_4, led_sif_pool, st_stairs_11
D:9:      minitemple, kennysheep_mini_moat, kennysheep_generic_room_2
D:10:     erik_lair_dragon, erik_orc_1, enter_trove_1
D:12:     minmay_wizard_corner, basic_altar, uniq_josephine, uniq_frances,
          uniq_erolcha
Temple:   minmay_temple_curvy_loop
Lair:1:   special_room, hangedman_lair_unloving_vines, grunt_megastairs_3,
          minmay_lair_oklob_chamber
Lair:2:   nicolae_spider_entry_non_spiders, serial_bayou_shore_b
Lair:3:   minmay_swamp_entry_eels, portal_ice_cave_entry_pillars_1,
          lemuel_fruit_fields, serial_bayou_shore_b
IceCv:    ice_cave_small_necro

Skill      XL: |  1  2  3  4  5  6  7  8  9 10 11 12 |
---------------+-------------------------------------+-----
Dodging        | 3 4 5 6 7 9 10 | 10.0
Throwing       | 2 |  2.0
Long Blades    | 4 5 6 8 10 | 10.3
Invocations    | 3 6 8 10 | 10.1
Shields        | 3 5 |  5.2
Evocations     | 3 5 7 9 |  9.2
Spellcasting   | 2 4 6 |  6.8
Stealth        | 1 5 |  5.0
Fighting       | |  2.2

Action                   |  1- 3 |  4- 6 |  7- 9 | 10-12 || total
-------------------------+-------+-------+-------+-------++-------
Melee: Long sword        |    88 |   121 |       |       ||   209
       Tailslap          |    10 |    39 |    80 |   284 ||   413
       Short sword       |       |   107 |   449 |   654 ||  1210
       Dagger            |       |       |       |   579 ||   579
Invok: Slouch            |       |       |       |     2 ||     2
 Abil: Breathe Lightning |       |       |     1 |     1 ||     2
Evoke: Wand              |       |       |     3 |    13 ||    16
  Use: Scroll            |       |     3 |     8 |    16 ||    27
       Potion            |       |     1 |       |     6 ||     7
 Stab: Sleeping          |     1 |     8 |     2 |    11 ||    22
       Paralysed         |       |       |       |     9 ||     9
       Confused          |       |       |       |     1 ||     1
  Eat: Chunk             |     1 |     6 |     5 |     4 ||    16
       Ration            |       |       |     2 |     4 ||     6
Armor: Skin              |    44 |    84 |   137 |   158 ||   423
Dodge: Dodged            |    73 |   177 |   491 |  1126 ||  1867
Block: Buckler           |       |       |    61 |   437 ||   498
       Rpst.: Long sword |    23 |    41 |       |       ||    64

Table legend:
 A = Spawn XP
 B = Non-spawn XP
 C = Spawn XP percentage of total XP
 D = Spawn monster count
 E = Non-spawn monster count
 F = Spawn count percentage of total count
 G = Total turns spent on level
                    A         B        C        D         E        F      G
               +---------+---------+-------+---------+---------+-------+---------
         Total |       0 |   36039 |   0.0 |       0 |     382 |   0.0 | 12041
               +---------+---------+-------+---------+---------+-------+---------
           D:1 |       0 |      27 |   0.0 |       0 |      19 |   0.0 |   848
           D:2 |       0 |     157 |   0.0 |       0 |      23 |   0.0 |   692
           D:3 |       0 |     186 |   0.0 |       0 |      36 |   0.0 |   743
           D:4 |       0 |     144 |   0.0 |       0 |       8 |   0.0 |   650
           D:5 |       0 |     483 |   0.0 |       0 |      15 |   0.0 |   740
           D:6 |       0 |     765 |   0.0 |       0 |      19 |   0.0 |   618
           D:7 |       0 |    1772 |   0.0 |       0 |      26 |   0.0 |  1030
           D:8 |       0 |    1786 |   0.0 |       0 |      24 |   0.0 |   895
           D:9 |       0 |    3828 |   0.0 |       0 |      25 |   0.0 |  1046
          D:10 |       0 |    4632 |   0.0 |       0 |      50 |   0.0 |  1347
          D:11 |       0 |    5277 |   0.0 |       0 |      42 |   0.0 |   849
        Lair:1 |       0 |    9012 |   0.0 |       0 |      52 |   0.0 |  1391
        Lair:2 |       0 |    5411 |   0.0 |       0 |      26 |   0.0 |   629
        Lair:3 |       0 |    2403 |   0.0 |       0 |      15 |   0.0 |   341
         IceCv |       0 |     156 |   0.0 |       0 |       2 |   0.0 |    12
               +---------+---------+-------+---------+---------+-------+---------
